 Adventure DCSS version bcrawl-1.19.1 (webtiles) character file.

Game seed: 17045472904966512635

175 floatRand the Cudgeler (level 5, 41/41 HPs)
             Began as an Oni Skald on Nov 30, 2019.
             Quit the game on level 4 of the Dungeon.
             The game lasted 00:05:57 (4339 turns).

floatRand the Cudgeler (Oni Skald)                  Turns: 4339, Time: 00:05:57

Health: 41/41      AC: 17    Str: 15    XL:     5   Next: 55%
Magic:  10/10      EV:  5    Int: 14    God:
Gold:   239        SH:  0    Dex: 12    Spells: 5/8 levels left
                                        Lives:  1   Deaths: 1

rFire    . . .     SeeInvis .   a - +1 mace
rCold    . . .     Gourm    .   (no shield)
rNeg     . . .     Faith    .   t - +4 plate armour
rPois    .         Spirit   .   (helmet restricted)
rElec    .         Reflect  .   k - +1 cloak
rCorr    .         Harm     .   (no gloves)
MR       .....                  (no boots)
Stlth    ..........             (no amulet)
HPRegen  0.13/turn              (no ring)
MPRegen  0.12/turn              (no ring)

@: no status effects
A: oni magic, claws 1, fangs 1, horns 1
a: no special abilities


You were on level 4 of the Dungeon.
You were not hungry.

You visited 1 branch of the dungeon, and saw 4 of its levels.

You collected 239 gold pieces.

Inventory:

Hand Weapons
 a - a +1 mace (weapon)
Armour
 b - a +0 leather armour
 i - a +0 large shield
 k - a +1 cloak (worn)
 t - a +4 plate armour (worn)
Jewellery
 s - an uncursed ring of resist corrosion {unknown}
Wands
 r - a wand of iceblast (6)
Scrolls
 c - a scroll of remove curse
 d - 2 scrolls of fear
 e - 2 scrolls of identify
 g - a scroll of magic mapping
Potions
 j - 2 potions of heal wounds
 l - a potion of haste
 n - a potion of might {unknown}
 o - 2 potions of flight
 q - a potion of agility {unknown}
Comestibles
 f - 12 rations {!d}


   Skills:
 - Level 2.0 Fighting
 * Level 5.1 Maces & Flails
 + Level 2.6 Armour
 + Level 3.2 Dodging
 + Level 2.1 Spellcasting
   Level 2.1 Conjurations
   Level 2.1 Hexes
   Level 2.1 Charms
   Level 2.1 Summonings
   Level 2.1 Necromancy
   Level 2.1 Translocations
   Level 2.1 Transmutations
   Level 2.1 Fire Magic
   Level 2.1 Ice Magic
   Level 2.1 Air Magic
   Level 2.1 Earth Magic
   Level 2.1 Poison Magic


You had 5 spell levels left.
You knew the following spells:

 Your Spells              Type           Power        Failure   Level  Hunger
b - Regeneration          Chrm/Necr      #.........   100%        3    ####...

Your spell library contained the following spells:

 Spells                   Type           Power        Failure   Level  Hunger
 Apportation              Tloc           #.....       100%        1    ##.....
 Infusion                 Chrm           #.......     100%        1    ##.....
 Call Imp                 Summ           #.....       100%        2    ###....
 Shackle                  Hex            #.......     100%        2    ###....
 Song of Slaying          Chrm           #.......     100%        2    ###....
 Ozocubu's Armour         Chrm/Ice       #.......     100%        3    ####...
 Spectral Weapon          Hex/Chrm       #.......     100%        3    ####...


Dungeon Overview and Level Annotations

Branches:
Dungeon (4/12)
 Temple: D:4-7

Altars:

Shops:
D:4 *


Innate Abilities, Weirdness & Mutations

You learn spells by gaining experience, not through books or religion.
You only train spellcasting to practice magic.
You have sharp fingernails.
You have very sharp teeth.
You have a pair of small horns on your head.


Message History

You thump the ogre! Your headbutt misses the ogre.
The ogre is moderately wounded.
The ogre hits you with a +0 giant club!
* * * LOW HITPOINT WARNING * * *
You feel yourself speed up.
You thump the ogre!
The ogre is heavily wounded.
The ogre hits you but does no damage.
You hit the ogre.
The ogre is severely wounded.
You hit the ogre.
The ogre is almost dead.
The ogre hits you with a +0 giant club!
You die...
Xom reaches out...
You are now level 5!
You rejoin the land of the living...
Quiver which item? (- for none, * to show all) (? for menu, Esc to quit)
Okay, then.
Are you sure you want to abandon this character and quit the game? (Confirm with "yes".)

####...####
#............
#####.............#
#.###########
....#.##...######.# #.#
###.#.###.## #.# #.#
#.#.# #.# #.# #.#
##.#.###.#######.# #.#
#......#......##.###.##
##..#.#.######.##.##...#
................@......#
##..#.#.######.#.###...#
#......# #.#.# #####
##.##.### #.#.# ......#
#.#.# ##.##.# #.#.#
#.##.# #.#.# #(...#
#.#.# ##.#### #.#.#


There were no monsters in sight!

Vanquished Creatures
  2 scorpions (D:4)
  A crimson imp (D:4)
  2 orc priests
  A worker ant (D:4)
  An adder (D:3)
  A howler monkey skeleton (D:4)
  An ooze (D:1)
  3 worms
  A dart slug (D:2)
  7 leopard geckos
  10 orcs
  2 ball pythons
  3 bats
  3 giant cockroaches
  6 hobgoblins
  11 jackals
  7 kobolds
  A quokka (D:4)
  3 frilled lizards
  4 goblins
  5 rats
75 creatures vanquished.

Notes
Turn   | Place    | Note
-------+----------+-------------------------------------------
     0 | D:1      | floatRand the Oni Skald began the quest for the Orb.
     0 | D:1      | Reached XP level 1. HP: 17/17 MP: 4/4
    19 | D:1      | Reached skill level 1 in Armour
   154 | D:1      | Reached XP level 2. HP: 22/24 MP: 6/6
   440 | D:1      | Reached skill level 3 in Maces & Flails
   464 | D:1      | Reached XP level 3. HP: 21/29 MP: 7/7
  1921 | D:3      | Reached XP level 4. HP: 31/36 MP: 8/8
  1938 | D:3      | Learned a level 3 spell: Regeneration
  2490 | D:3      | Reached skill level 4 in Maces & Flails
  2572 | D:3      | Reached XP level 5. HP: 34/41 MP: 9/9
  3364 | D:4      | Noticed a sky beast
  3577 | D:4      | Found Uxosch's Assorted Antiques.
  3621 | D:4      | Reached XP level 6. HP: 17/48 MP: 10/10
  4142 | D:4      | Reached skill level 5 in Maces & Flails
  4318 | D:4      | Mangled by an ogre
  4319 | D:4      | Reached XP level 5. HP: -6/41 MP: 10/10
  4339 | D:4      | Quit the game

Skill      XL: |  1  2  3  4  5  6 |
---------------+-------------------+-----
Armour         | 1 2 |  2.6
Dodging        | 2 3 |  3.2
Maces & Flails | 3 4 5 |  5.1
Spellcasting   | 2 |  2.1
Fighting       | |  2.0
Conjurations   | |  2.1
Hexes          | |  2.1
Charms         | |  2.1
Summonings     | |  2.1
Necromancy     | |  2.1
Translocations | |  2.1
Transmutations | |  2.1
Fire Magic     | |  2.1
Ice Magic      | |  2.1
Air Magic      | |  2.1
Earth Magic    | |  2.1
Poison Magic   | |  2.1

Action                   |  1- 3 |  4- 6 || total
-------------------------+-------+-------++-------
Melee: Mace              |   139 |   168 ||   307
       Headbutt          |    21 |    25 ||    46
       Bite              |    11 |    13 ||    24
  Use: Scroll            |       |    10 ||    10
       Potion            |       |     2 ||     2
  Eat: Chunk             |     3 |     7 ||    10
       Ration            |       |     1 ||     1
Armor: Leather armour    |    41 |    31 ||    72
       Plate armour      |       |     9 ||     9
Dodge: Dodged            |   124 |    83 ||   207
